AoeStats
← Entopiic

Black Forest

509556930Analyzed
2v2 RM · 6d ago on Sep 27, 2026· 82m 0s· 4 players
Game mode
Random Map
Map size
Medium (4 player)
Population
200
Speed
Normal
Resources
Standard
Victory
Conquest
Starting age
Dark Age
Ending age
Imperial Age
RankedLock teamsTeams togetherTeam positionsShared explorationLock speedFull tech treeHidden civsTurbo modeCheats
Victory
Defeat
🇺🇸 Persians · United States
564
+20
🇺🇸 Burgundians · United States
503
+22
🇦🇺 Spanish · Australia
680
-22
🇦🇺 Turks · Australia
627
-20
plouga
1:01 Loom
7:42 Double-Bit Axe
9:07 Horse Collar
11:34 Wheelbarrow
11:44 Fishing Lines
16:22 Feudal Age
19:28 Bow Saw
19:23 Heavy Plow
19:16 Gillnets
20:24 Hand Cart
24:38 Town Watch
25:14 Stone Mining
25:15 Gold Mining
26:54 Stone Shaft Mining
27:18 Caravan
29:30 Castle Age
31:44 Town Patrol
32:57 Two-Man Saw
32:46 Guilds
33:27 Cavalier
34:09 Husbandry
35:03 Gold Shaft Mining
37:06 Crop Rotation
40:36 Imperial Age
39:05 Burgundian Vineyards
44:01 Paladin
44:18 Elite Coustillier
45:27 Conscription
45:22 Forging
45:18 Scale Barding Armor
45:14 Padded Archer Armor
45:05 Fletching
44:47 Elite Skirmisher
44:48 Crossbowman
48:11 Chemistry
47:22 Fortified Wall
47:08 Murder Holes
47:36 Ballistics
49:46 Iron Casting
49:32 Chain Barding Armor
49:08 Bodkin Arrow
49:29 Leather Archer Armor
48:58 Light Cavalry
50:11 Hussar
60:44 Hoardings
M0309Papa
0:27 Loom
14:00 Feudal Age
14:32 Horse Collar
15:29 Wheelbarrow
14:39 Town Watch
14:43 Double-Bit Axe
22:27 Gold Mining
22:30 Stone Mining
25:18 Castle Age
24:46 Fletching
25:02 Scale Barding Armor
25:08 Forging
24:59 Padded Archer Armor
26:09 Bow Saw
26:22 Heavy Plow
26:38 Hand Cart
26:23 Town Patrol
27:44 Town Patrol
29:57 Gold Shaft Mining
30:01 Stone Shaft Mining
29:46 Bodkin Arrow
30:28 Iron Casting
32:53 Husbandry
35:04 Chain Barding Armor
37:48 Masonry
37:29 Guard Tower
38:00 Ballistics
38:02 Caravan
41:34 Leather Archer Armor
44:11 Murder Holes
45:30 Coinage
50:27 Imperial Age
50:13 Onager
51:32 Plate Barding Armor
51:58 Blast Furnace
52:04 Chemistry
51:35 Architecture
52:14 Two-Man Saw
52:06 Crop Rotation
53:05 Conscription
53:21 Hoardings
52:10 Cavalier
53:25 Ring Archer Armor
60:35 Citadels
62:14 Guilds
67:06 Elite War Elephant
69:23 Savar
80:34 Elite War Elephant
Entopiic
0:42 Loom
17:01 Feudal Age
18:49 Double-Bit Axe
25:27 Castle Age
26:38 Wheelbarrow
27:09 Fishing Lines
28:15 Bow Saw
32:15 Imperial Age
30:22 Gold Mining
32:23 Elite Janissary
33:27 Stone Mining
33:50 Horse Collar
36:22 Conscription
48:13 Fortified Wall
58:55 Bloodlines
58:46 Husbandry
59:24 Cavalier
61:27 Bombard Tower
73:57 Scale Barding Armor
73:32 Man-at-Arms
74:16 Squires
74:01 Arson
75:15 Long Swordsman
77:41 Two-Handed Swordsman
79:35 Scale Mail Armor
Bedgie69
0:35 Loom
20:02 Feudal Age
21:26 Double-Bit Axe
26:17 Castle Age
24:11 Gold Mining
24:11 Stone Mining
25:46 Wheelbarrow
24:57 Town Watch
25:35 Padded Archer Armor
25:36 Scale Mail Armor
25:47 Forging
25:27 Fletching
25:49 Scale Barding Armor
25:35 Fletching
25:35 Fishing Lines
26:28 Horse Collar
28:17 Chain Mail Armor
28:38 Iron Casting
28:18 Leather Archer Armor
28:09 Heavy Plow
28:08 Gillnets
29:43 Bodkin Arrow
34:46 Chain Barding Armor
36:20 Caravan
36:46 Bow Saw
37:25 Stone Shaft Mining
38:10 Coinage
39:28 Pikeman
40:08 Squires
39:54 Gambesons
39:55 Arson
39:44 Man-at-Arms
43:51 Imperial Age
42:14 Hand Cart
41:59 Town Patrol
43:44 Inquisition
43:06 Long Swordsman
44:31 Fortified Wall
45:35 Blast Furnace
45:05 Plate Mail Armor
45:57 Two-Man Saw
45:30 Ballistics
46:18 Chemistry
45:30 Masonry
46:38 Conscription
47:01 Ring Archer Armor
47:56 Plate Barding Armor
47:52 Plate Mail Armor
47:16 Halberdier
47:17 Two-Handed Swordsman
48:29 Guilds
49:21 Guard Tower
52:14 Banking
58:45 Champion
60:56 Plate Mail Armor
60:26 Bracer
Connection lost

Rejoining the realm…

Still unreachable

The connection could not be restored.

Session expired

The server has moved on; the page needs a fresh start.